 Dungeon Crawl Stone Soup version 0.32-a0-893-gf85d74f360 (webtiles) character file.

Game seed: 15632634828205658455

2746 Heh the Cleaver (level 9, -1/66 HPs)
             Began as a Coglin Gladiator on Apr 3, 2024.
             Was a Believer of Beogh.
             Slain by a killer bee (8 damage)
             ... on level 7 of the Dungeon.
             The game lasted 00:12:37 (6590 turns).

Heh the Cleaver (Coglin Gladiator)                  Turns: 6590, Time: 00:12:38

Health: -1/66      AC:  7    Str: 18    XL:     9   Next: 68%
Magic:  10/10      EV: 11    Int:  7    God:    Beogh [**....]
Gold:   137        SH:  0    Dex: 17    Spells: 10/10 levels left

rFire   . . .        a - +0 war axe {Cuahtemoc}
rCold   . . .        k - +0 long sword (protect) {Minjun}
rNeg    . . .        K - +0 ring mail
rPois   .            c - +0 helmet
rElec   .            J - +0 cloak
rCorr   .            (no gloves)
SInv    .            (no boots)
Will    .....        (amulet unavailable)
Stlth   +            (ring unavailable)
HPRegen 0.31/turn    (ring unavailable)
MPRegen 0.12/turn    (no gizmo)

%: no passive effects
@: revving
A: off-hand wielding, slow wielding, warmup strikes, no jewellery, evolution 1
a: Invent Gizmo, Renounce Religion, Smiting


You were on level 7 of the Dungeon.
You worshipped Beogh.
Beogh was pleased with you.
You visited 1 branch of the dungeon, and saw 8 of its levels.

You collected 367 gold pieces.
You spent 230 gold pieces at shops.

Inventory:

Hand Weapons
 a - a +0 war axe (weapon) {Cuahtemoc}
 f - a +0 dagger {Guillermo}
 g - a +1 dagger of holy wrath {Thoko}
 h - a +0 battleaxe
 k - a +0 long sword of protection (offhand) {Minjun}
 m - a +1 heavy battleaxe {Myungok}
 x - a +0 war axe {Marisol}
 M - a +3 scimitar of freezing {Minjee}
Missiles
 d - 2 throwing nets (quivered)
 e - 6 javelins
Armour
 b - a +0 leather armour
 c - a +0 helmet (worn)
 u - a +0 leather armour
 v - the orb "Hausukh" {mayhem, *Corrode rPois Int+4 SInv}
   (You found it on level 3 of the Dungeon)

   Int+4:     It affects your intelligence (+4).
   rPois:     It protects you from poison.
   SInv:      It lets you see invisible.
   *Corrode:  It may corrode you when you take damage.
 E - a +0 scale mail
 J - a +0 cloak (worn)
 K - a +0 ring mail (worn)
 L - a +0 chain mail
Magical Staves
 y - a staff of conjuration
Wands
 t - a wand of paralysis (18)
 z - a wand of acid (6)
 N - a wand of warping (7)
Scrolls
 n - 3 scrolls of enchant armour
 o - a scroll of poison
 p - a scroll of blinking
 q - 3 scrolls of fog {unknown}
 s - 3 scrolls of enchant weapon
 A - 3 scrolls of teleportation
 C - 2 scrolls of fear
 F - a scroll of vulnerability
 H - a scroll of revelation
Potions
 i - 3 potions of might {unknown}
 j - 2 potions of lignification
 l - 2 potions of heal wounds {unknown}
 r - 4 potions of brilliance {unknown}
 w - a potion of magic
 B - a potion of curing
 G - a potion of enlightenment {unknown}
 I - a potion of resistance {unknown}


   Skills:
 * Level 4.7 Fighting
 + Level 1.3 Long Blades
 * Level 11.9 Axes
 - Level 1.7 Throwing
 * Level 2.0 Armour
 + Level 3.1 Dodging
 - Level 1.0 Spellcasting


You had 10 spell levels left.
You didn't know any spells.
Your spell library was empty.

Dungeon Overview and Level Annotations

Branches:
Dungeon (8/15)             Temple (0/1) D:4
   Lair: D:8-11

Altars:
Makhleb
Wu Jian
Xom
Zin

Shops:
D:4 ?


Innate Abilities, Weirdness & Mutations

Your facial features look somewhat orcish.
You can wield a second weapon in your off-hand.
It takes a long time for you to wield or remove held weapons.
Your first few attacks do less damage.
You cannot equip rings or amulets.
You have hidden genetic potential.


Message History

The killer bee stings you but does no damage. x2
Things that are here:
a +0 short sword; a +0 ring mail You feel very sick.
The killer bee attacks as it pursues you!
The killer bee stings you. x2
* * * LOW HITPOINT WARNING * * *
The killer bee stings you but does no damage.
There is a stone staircase leading up, spattered with blood here.
You feel sick. The killer bee misses you. The killer bee closely misses you. x2
The killer bee stings you but does no damage.
You climb upwards.
You feel sick.
There is a stone staircase leading down here.
You closely miss the killer bee with your +0 war axe.
The killer bee is moderately wounded.
You hit the killer bee with your +0 war axe.
You hit the killer bee with your +0 long sword of protection.
Your weapon exudes an aura of protection.
You feel sick.
The killer bee stings you but does no damage. x2
The killer bee stings you.
* * * LOW HITPOINT WARNING * * *
You are more poisoned.
The killer bee poisons you! The killer bee closely misses you.
You feel better. The killer bee stings you.
* * * LOW HITPOINT WARNING * * *
The killer bee closely misses you.
The killer bee stings you but does no damage. x2
Unknown command.
You closely miss the killer bee with your +0 long sword of protection.
The killer bee is heavily wounded.
You barely miss the killer bee with your +0 war axe.
You hit the killer bee with your +0 war axe.
The killer bee misses you. The killer bee stings you.
* * * LOW HITPOINT WARNING * * *
The killer bee stings you.
* * * LOW HITPOINT WARNING * * *
The killer bee stings you but does no damage.
The killer bee stings you!
You die...

#.......##.# #.#####
##.####.##.# #.##...
#.# #....# #.##.## #.#
#.#..#######.##.# #.#
#.#..........##.# #.#
#.##.##########.# #.#
#.##.# #...# #.# #y##.#
#.### #.#
#@##.########.##
#.####y##...........###
#.[....................
######.............####
###############


You could see 2 killer bees.

Vanquished Creatures
  A hornet (D:7)
  A wyvern (D:5)
  A steam dragon (D:7)
  An orc warrior (D:8)
  2 ogres
  2 phantoms (D:4)
  A bullfrog (D:6)
  10 scorpions
  4 wights
  A killer bee (D:8)
  A howler monkey (D:5)
  A gnoll bouda (D:7)
  Crazy Yiuf (D:6)
  8 hounds
  3 orc priests
  3 jellies
  Jessica (D:2)
  4 iguanas
  An orc wizard (D:7)
  3 sleepcaps
  8 adders
  9 gnolls
  A white imp (D:5)
  2 ufetubi (D:6)
  2 ribbon worms
  6 dart slugs
  4 orcs
  7 bats
  6 endoplasms
  8 giant cockroaches
  3 goblins
  5 hobgoblins
  3 jackals (D:1)
  2 quokkas
  2 ball pythons
  A frilled lizard (D:3)
  6 kobolds
  5 rats
130 creatures vanquished.

Vanquished Creatures (others)
  An orc (D:8)
  An endoplasm (D:2)
  A kobold (D:4)
  A rat (D:2)
4 creatures vanquished.

Grand Total: 134 creatures vanquished

Notes
Turn   | Place    | Note
-------+----------+-------------------------------------------
     0 | D:1      | Heh the Coglin Gladiator began the quest for the Orb.
     0 | D:1      | Reached XP level 1. HP: 16/16 MP: 1/1
    96 | D:1      | Reached XP level 2. HP: 18/22 MP: 2/2
   273 | D:1      | You fall into a shaft and drop 1 floor!
   279 | D:2      | Reached XP level 3. HP: 28/28 MP: 3/3
   418 | D:2      | Reached skill level 4 in Axes
   554 | D:2      | Noticed Jessica
   561 | D:2      | Killed Jessica
   562 | D:2      | Reached XP level 4. HP: 20/35 MP: 4/4
  1116 | D:3      | Found an ornate altar of the Wu Jian Council.
  1157 | D:3      | Found a shimmering altar of Xom.
  1157 | D:3      | Found a shimmering altar of Xom.
  1234 | D:3      | Identified the orb "Hausukh" {mayhem, *Corrode rPois Int+4
                  | SInv}
  1595 | D:4      | Reached XP level 5. HP: 40/41 MP: 5/5
  1621 | D:4      | Noticed a phantom
  1628 | D:4      | HP: 3/61 [poisoned by an adder]
  1629 | D:4      | Reached skill level 5 in Axes
  1633 | D:4      | HP: 3/61 [phantom (4)]
  1642 | D:4      | Killed a phantom
  1643 | D:4      | Reached XP level 6. HP: 11/48 MP: 6/6
  1811 | D:4      | Became a worshipper of Beogh the Shepherd
  1864 | D:4      | Reached skill level 6 in Axes
  1907 | D:5      | Entered Level 5 of the Dungeon
  1989 | D:5      | Reached XP level 7. HP: 19/54 MP: 7/7
  2003 | D:5      | Reached skill level 7 in Axes
  2229 | D:5      | Reached skill level 8 in Axes
  2718 | D:5      | Reached XP level 8. HP: 55/60 MP: 8/8
  3262 | D:5      | Found a burning altar of Makhleb.
  3581 | D:5      | Noticed a wyvern
  3588 | D:5      | Killed a wyvern
  3589 | D:5      | Reached skill level 9 in Axes
  3834 | D:4      | Found a staircase to the Ecumenical Temple.
  4194 | D:4      | Found Waoseng's Magic Scroll Shop.
  4197 | D:4      | Bought a scroll of identify for 22 gold pieces
  4197 | D:4      | Bought a scroll of enchant weapon for 82 gold pieces
  4197 | D:4      | Bought a scroll of revelation for 82 gold pieces
  4202 | D:4      | Bought a scroll of identify for 22 gold pieces
  4202 | D:4      | Bought a scroll of identify for 22 gold pieces
  4573 | D:6      | Reached skill level 10 in Axes
  4653 | D:6      | Found a runed translucent door.
  4654 | D:6      | Noticed Crazy Yiuf
  4786 | D:6      | Reached * piety under Beogh
  4947 | D:6      | Reached XP level 9. HP: 45/65 MP: 9/9
  5048 | D:6      | Reached skill level 11 in Axes
  5223 | D:6      | Killed Crazy Yiuf
  5745 | D:7      | Reached skill level 1 in Armour
  6007 | D:7      | Noticed a hornet
  6017 | D:7      | Killed a hornet
  6018 | D:7      | Reached skill level 1 in Long Blades
  6238 | D:7      | Gained mutation: You have hidden genetic potential. [potion
                  | of mutation]
  6382 | D:7      | Found a glowing silver altar of Zin.
  6505 | D:8      | Reached skill level 1 in Spellcasting
  6505 | D:8      | Reached ** piety under Beogh
  6590 | D:7      | Slain by a killer bee

Illustrated notes

Levels and vault maps discovered:
D:1:      pf_arrival_petrified_forest, layout_basic, serial_shops, shop,
          minmay_misc_feat_columns
D:2:      layout_rooms, lemuel_flame_loot_1, uniq_jessica
D:3:      layout_loops_cross, mainiacjoe_overflow_six_doors_small,
          xom_redecorated, dk_noncrumbling_4
D:4:      layout_rooms, minmay_temple_entry_junction, serial_shops,
          nicolae_shop_rolled_up, dreamdust_gnoll_farm
D:5:      minmay_skewed_foursquare, layout_layer_cave,
          mainiacjoe_overflow_alcove_1, corexii_leaking_fountain
D:6:      old_forge, layout_basic, abandoned_shop, uniq_crazy_yiuf_cottage
D:7:      layout_loops_ring, nicolae_overflow_hidden_temple
D:8:      layout_rooms, nicolae_elyvilon_temple_path, serial_shops,
          nicolae_shop_waterfront

Skill      XL: |  1  2  3  4  5  6  7  8  9 |
---------------+----------------------------+-----
Axes           | 4 5 6 8 10 11 | 11.9
Fighting       | 3 4 |  4.7
Armour         | 2 |  2.0
Long Blades    | 1 |  1.3
Dodging        | 3 |  3.1
Spellcasting   | 1 |  1.0
Throwing       | |  1.7

Action                     |  1- 3 |  4- 6 |  7- 9 || total
---------------------------+-------+-------+-------++-------
  Melee: War axe           |    58 |   127 |   238 ||   423
         Dagger            |    45 |    36 |       ||    81
         Battleaxe         |       |       |     4 ||     4
         Long sword        |       |       |   111 ||   111
  Throw: Throwing net      |       |     2 |     2 ||     4
 Invoke: Convert to Beogh  |       |     1 |       ||     1
    Use: Potion            |       |     3 |     2 ||     5
         Scroll            |       |       |     8 ||     8
   Stab: Sleeping          |     1 |     3 |     2 ||     6
         Held in net/web   |       |       |     4 ||     4
 Armour: Leather armour    |    34 |    48 |    96 ||   178
         Skin              |       |    20 |       ||    20
         Ring mail         |       |       |    71 ||    71
  Dodge: Dodged            |    38 |    56 |   146 ||   240

Table legend: (Time is in decaauts)
 A = Elapsed time spent in this place.
 B = Non-inter-level travel time spent in this place.
 C = Inter-level travel time spent in this place.
 D = Time resting spent in this place.
 E = Time spent auto-exploring this place.
 F = Levels seen in this place.
 G = Mean time per level.
                   A        B        C        D        E       F      G
               +--------+--------+--------+--------+--------+-----+--------+
         Total |   6657 |   6098 |    559 |    390 |   4635 |   8 |  832.1 |
       Dungeon |   6657 |   6098 |    559 |    390 |   4635 |   8 |  832.1 |
               +--------+--------+--------+--------+--------+-----+--------+

Top non-repeatable levels by time:
     D:5: 2123 daAuts
     D:7: 1026 daAuts
     D:6: 899 daAuts
     D:4: 873 daAuts
     D:3: 718 daAuts
     D:2: 648 daAuts
     D:1: 277 daAuts
     D:8: 91 daAuts
